 Dungeon Crawl Stone Soup version 0.21-a0-538-gd16b88a (webtiles) character file.

1017 AverageBear the Cutter (level 8, -3/45 HPs)
             Began as a Deep Elf Fighter on Dec 16, 2017.
             Was an Initiate of Ashenzari.
             Slain by Prince Ribbit (10 damage)
             ... on level 5 of the Dungeon.
             The game lasted 00:06:04 (5087 turns).

AverageBear the Cutter (Deep Elf Fighter)           Turns: 5087, Time: 00:06:05

Health: -3/45      AC: 10    Str: 20    XL:     8   Next: 2%
Magic:  0/10       EV: 17    Int: 14    God:    Ashenzari [......]
Gold:   214        SH: 10    Dex: 19    Spells: 7/7 levels left

rFire    . . .     SeeInvis +   a - +2 rapier (curse)
rCold    . . .     Gourm    .   c - +0 shield
rNeg     . . .     Faith    .   b - +0 scale mail
rPois    .         Spirit   +   (no helmet)
rElec    .         Reflect  .   t - +2 cloak (curse)
rCorr    .         Harm     .   (no gloves)
MR       .....                  (no boots)
Stlth    +.........             e - amulet of guardian spirit
HPRegen  0.15/turn              k - ring of see invisible
MPRegen  0.12/turn              (no ring)

@: mighty, agile
A: no striking features
a: Curse Item, Renounce Religion


You were on level 5 of the Dungeon.
You worshipped Ashenzari.
Ashenzari was noncommittal.
You were not hungry.

You visited 1 branch of the dungeon, and saw 5 of its levels.

You collected 214 gold pieces.

Inventory:

Hand Weapons
 a - a cursed +2 rapier (weapon)
Armour
 b - a +0 scale mail (worn)
 c - a +0 shield (worn)
 t - a cursed +2 cloak (worn)
Jewellery
 e - an amulet of guardian spirit (around neck)
 k - a ring of see invisible (left hand)
Wands
 d - a wand of random effects (29)
Scrolls
 i - 2 scrolls of remove curse
 j - 5 scrolls of teleportation
 n - 2 scrolls of magic mapping {unknown}
 p - a scroll of fog {unknown}
 q - 2 scrolls of amnesia
 r - a scroll of summoning {unknown}
 x - a scroll of enchant armour
Potions
 m - 2 potions of brilliance
 o - a potion of haste
 s - a potion of agility
 u - a potion of cancellation
 z - a potion of flight {unknown}
 A - a potion of resistance {unknown}
 B - a potion of might
Comestibles
 f - 4 bread rations
 g - 3 fruits
 l - 3 meat rations
 v - 4 chunks of flesh
 w - a royal jelly


   Skills:
 - Level 2.4 Fighting
 - Level 6.3 Short Blades
 - Level 4.3 Armour
 - Level 6.0 Dodging
 + Level 3.0 Shields


You had 7 spell levels left.
You didn't know any spells.

Dungeon Overview and Level Annotations

Branches:
Dungeon (5/15)
 Temple: D:4-7

Altars:
Ashenzari
Elyvilon
Fedhas

Annotations:
D:5 Prince Ribbit


Message History

Prince Ribbit blinks!
You feel agile all of a sudden. You block Prince Ribbit's attack.
You closely miss Prince Ribbit.
Prince Ribbit is severely wounded.
Prince Ribbit barely misses you.
You barely miss Prince Ribbit.
Prince Ribbit is severely wounded.
Prince Ribbit closely misses you.
You miss Prince Ribbit.
Prince Ribbit is severely wounded.
Prince Ribbit closely misses you. You block Prince Ribbit's attack.
You hit Prince Ribbit.
Prince Ribbit is severely wounded.
Prince Ribbit mumbles some strange words.
Prince Ribbit looks slightly unstable.
You closely miss Prince Ribbit.
Prince Ribbit is severely wounded.
Prince Ribbit hits you!
You die...

......+.........#
...####
.....#...#......# ....
.....#...#......#.....
.....#...#......# ....
+...#......# ...
#...##.....#
######.....#
#...##F....#
#...'.@....#.
#...#....<....
#...#..........
#...#..........
#...#......#...
#...#......#...
############


You could see Prince Ribbit.

Vanquished Creatures
  A phantom (D:5)
  2 centaurs (D:5)
  The ghost of AverageBear the Cutter, an amateur DEFi (D:3)
  A scorpion (D:4)
  3 crimson imps
  Crazy Yiuf (D:2)
  3 orc priests
  An iguana (D:4)
  An orc wizard (D:4)
  5 worker ants
  2 hound skeletons
  4 adders (D:3)
  8 gnolls (D:4)
  A shadow imp (D:5)
  An adder skeleton (D:4)
  5 worms
  2 dart slugs
  3 leopard geckos
  10 orcs
  6 giant cockroaches
  5 goblins
  11 hobgoblins
  12 jackals
  A quokka (D:4)
  A ball python (D:1)
  3 bats
  2 frilled lizards
  7 kobolds
  A quokka skeleton (D:4)
  7 rats
111 creatures vanquished.

Notes
Turn   | Place    | Note
-------+----------+-------------------------------------------
     0 | D:1      | AverageBear the Deep Elf Fighter began the quest for the Orb.
     0 | D:1      | Reached XP level 1. HP: 13/13 MP: 3/3
   278 | D:1      | Reached XP level 2. HP: 12/18 MP: 4/4
   945 | D:2      | Reached XP level 3. HP: 19/22 MP: 3/5
  1073 | D:2      | Reached XP level 4. HP: 20/27 MP: 6/6
  1584 | D:2      | Found a blossoming altar of Fedhas.
  1670 | D:2      | Found a runed door.
  1905 | D:2      | Noticed Crazy Yiuf
  1911 | D:2      | Killed Crazy Yiuf
  1911 | D:2      | Reached skill level 5 in Short Blades
  2329 | D:3      | Found a shattered altar of Ashenzari.
  2349 | D:3      | Reached XP level 5. HP: 30/31 MP: 7/7
  2357 | D:3      | Became a worshipper of Ashenzari the Shackled
  3116 | D:3      | Noticed AverageBear's ghost (amateur DEFi)
  3146 | D:3      | Killed AverageBear's ghost
  3146 | D:3      | Reached XP level 6. HP: 36/36 MP: 8/8
  3682 | D:4      | Found a white marble altar of Elyvilon.
  4028 | D:4      | Reached XP level 7. HP: 39/40 MP: 9/9
  4030 | D:4      | Reached skill level 5 in Dodging
  4732 | D:5      | Entered Level 5 of the Dungeon
  5018 | D:5      | Reached XP level 8. HP: 34/45 MP: 8/10
  5062 | D:5      | Noticed Prince Ribbit
  5087 | D:5      | Slain by Prince Ribbit

Vault maps used:
D:1:      minmay_arrival_semitransparent
D:2:      fedhas_altar_fruit_tree, uniq_crazy_yiuf_cottage
D:3:      first_bread, kennysheep_small_spiral, ashenzari_altar_1
D:4:      elyvilon_altar_5
D:5:      makhleb_altar_promises_db, serial_shops, shop, uniq_grinder,
          uniq_prince_ribbit1

Skill      XL: |  1  2  3  4  5  6  7 |
---------------+----------------------+-----
Short Blades   | 3 4 5 6 |  6.3
Dodging        | 2 4 6 |  6.0
Armour         | 4 |  4.3
Shields        | 3 |  3.0
Fighting       | |  2.4

Action                   |  1- 3 |  4- 6 |  7- 9 || total
-------------------------+-------+-------+-------++-------
Melee: Rapier            |   106 |   260 |   134 ||   500
Invok: Curse Item        |       |     2 |       ||     2
  Use: Scroll            |     1 |     7 |     1 ||     9
       Potion            |       |     7 |     3 ||    10
  Eat: Chunk             |     1 |     9 |     4 ||    14
Armor: Scale mail        |    43 |    99 |    42 ||   184
Dodge: Dodged            |    17 |    62 |    45 ||   124
Block: Shield            |    44 |    82 |    55 ||   181

Table legend:
 A = Spawn XP
 B = Non-spawn XP
 C = Spawn XP percentage of total XP
 D = Spawn monster count
 E = Non-spawn monster count
 F = Spawn count percentage of total count
 G = Total turns spent on level
                    A         B        C        D         E        F      G
               +---------+---------+-------+---------+---------+-------+---------
         Total |       0 |    1454 |   0.0 |       0 |     111 |   0.0 |  5087
               +---------+---------+-------+---------+---------+-------+---------
           D:1 |       0 |      32 |   0.0 |       0 |      21 |   0.0 |   807
           D:2 |       0 |     130 |   0.0 |       0 |      18 |   0.0 |  1216
           D:3 |       0 |     310 |   0.0 |       0 |      35 |   0.0 |  1465
           D:4 |       0 |     565 |   0.0 |       0 |      31 |   0.0 |  1244
           D:5 |       0 |     417 |   0.0 |       0 |       6 |   0.0 |   355
               +---------+---------+-------+---------+---------+-------+---------
